 Dungeon Crawl Stone Soup version 0.28.0 (webtiles) character file.

Game seed: 7318028927415771799

91287 RepoMan the Geomancer (level 15, -1/119 HPs)
             Began as a Mummy Cinder Acolyte on Feb 15, 2022.
             Was a High Priest of Ignis.
             Slain by a tarantella (14 damage)
             ... on level 1 of the Spider Nest.
             The game lasted 06:02:53 (34582 turns).

RepoMan the Geomancer (Mummy Cinder Acolyte)       Turns: 34582, Time: 06:02:54

Health: -1/119     AC: 12    Str: 23    XL:     15   Next: 54%
Magic:  30/30      EV: 15    Int: 23    God:    Ignis [*****.]
Gold:   2500       SH:  0    Dex:  7    Spells: 6/37 levels left

rFire   . . .      SeeInvis +   c - +2 whip of Otaduq {vamp, rPois rC+ SInv Stlth+}
rCold   + + +      Faith    .   H - +1 buckler {rC+}
rNeg    + + +      Spirit   .   l - +0 troll leather armour
rPois   ∞          Reflect  +   s - +2 hat
rElec   .          Harm     .   j - scarf {repulsion}
rCorr   .          Rampage  .   E - +0 pair of gloves of Defence {rC+ Int+3}
Will    ++...                   o - +0 pair of boots
Stlth   ++........              M - amulet of Yzumpus {Reflect Fly Will+ Regen+ Str+4 SH+5}
HPRegen 1.89/turn               t - +4 ring of protection
MPRegen 0.22/turn               D - +4 ring of evasion

@: confused, flying, repel missiles
A: cold resistance 1, negative energy resistance 3, torment resistance 2, heat
vulnerability 1, in touch with death 1, no potions
a: Renounce Religion, Fiery Armour, Foxfire Swarm, Rising Flame


You were on level 1 of the Spider Nest.
You worshipped Ignis.
Ignis was extremely pleased with you.
You visited 5 branches of the dungeon, and saw 22 of its levels.
You also visited: Ice Cave.

You collected 2700 gold pieces.
You spent 200 gold pieces at shops.

Inventory:

Hand Weapons
 c - the +2 whip of Otaduq (weapon) {vamp, rPois rC+ SInv Stlth+}
   (You found it on level 5 of the Dungeon)

   It occasionally heals its wielder for a portion of the damage dealt when it
   wounds a living foe.
   rC:        It protects you from cold.
   rPois:     It protects you from poison.
   SInv:      It lets you see invisible.
   Stlth:     It makes you more stealthy.
 i - the +5 whip "Duasmig" {elec, rF+ Will- rCorr}
   (You found it on level 2 of the Dungeon)

   It occasionally discharges a powerful burst of electricity upon striking a
   foe.
   rF:        It protects you from fire.
   rCorr:     It protects you from acid and corrosion.
   Will:      It decreases your willpower.
Missiles
 e - 315 stones (quivered)
Armour
 h - a scarf of invisibility
 j - a scarf of repulsion (worn)
 l - a +0 troll leather armour (worn)
 o - a +0 pair of boots (worn)
 r - a +2 crystal plate armour of cold resistance
 s - a +2 hat (worn)
 w - a +2 robe of fire resistance
 B - an orb of guile
 E - the +0 pair of gloves of Defence (worn) {rC+ Int+3}
   (You found it on level 10 of the Dungeon)

   Int:       It affects your intelligence (+3).
   rC:        It protects you from cold.
 H - a +1 buckler of cold resistance (worn)
 K - a +0 robe of resistance
 O - +0 storm dragon scales
 P - a +1 plate armour of cold resistance
 T - a +1 hat of see invisible
Magical Staves
 d - a staff of death
 y - a staff of air
 Q - a staff of earth
Jewellery
 a - a ring of protection from cold
 n - a ring of resist corrosion
 t - a +4 ring of protection (left hand)
 z - a ring of magical power
 D - a +4 ring of evasion (right hand)
 G - a ring of protection from fire
 M - the amulet of Yzumpus (around neck) {Reflect Fly Will+ Regen+ Str+4 SH+5}
   (You found it on level 6 of the Lair of Beasts)

   [amulet of reflection]

   It reflects blocked missile attacks.
   Str:       It affects your strength (+4).
   Fly:       It grants you flight.
   Regen:     It increases your rate of health regeneration.
   SH:        It affects your SH (+5).
   Will:      It increases your willpower.
 S - a ring of wizardry
Wands
 x - a wand of flame (45)
 A - a wand of polymorph (12)
 L - a wand of digging (10)
Scrolls
 b - 3 scrolls of enchant weapon
 g - 2 scrolls of brand weapon
 k - 8 scrolls of teleportation {unknown}
 m - 4 scrolls of amnesia
 p - 4 scrolls of vulnerability
 q - a scroll of identify
 v - a scroll of immolation
 C - 3 scrolls of fear
 N - 2 scrolls of enchant armour
 R - a scroll of magic mapping
Miscellaneous
 u - a tin of tremorstones (2/2)
 I - a condenser vane


   Skills:
 + Level 11.3 Fighting
 - Level 2.4 Polearms
 - Level 4.0 Dodging
 - Level 2.0 Stealth
 - Level 4.0 Shields
 + Level 11.9 Spellcasting
 + Level 8.1 Conjurations
 - Level 3.0 Hexes
 - Level 1.0 Summonings
 + Level 10.2 Necromancy
 - Level 2.4 Fire Magic
 + Level 13.8 Earth Magic
 - Level 3.0 Poison Magic
 + Level 6.2 Evocations


You had 6 spell levels left.
You knew the following spells:

 Your Spells              Type           Power      Damage    Failure   Level
a - Agony                 Necr           74%        N/A       3%          5
c - Mephitic Cloud        Conj/Pois/Air  30%        N/A       4%          3
g - Apportation           Tloc           26%        N/A       7%          1
i - Inner Flame           Hex/Fire       26%        N/A       7%          3
q - Stone Arrow           Conj/Erth      100%       3d13      1%          3
r - Corpse Rot            Necr/Air       100%       N/A       1%          2
s - Sandblast             Erth           100%       2d20      1%          1
v - Poisonous Vapours     Pois/Air       40%        N/A       6%          2
w - Passwall              Tmut/Erth      37%        N/A       1%          2
A - Anguish               Hex/Necr       30%        N/A       4%          4
G - Summon Guardian Gole  Hex/Summ       22%        N/A       10%         3
R - Scorch                Fire           48%        2d7       4%          2

Your spell library contained the following spells:

 Spells                   Type           Power      Damage    Failure   Level
 Foxfire                  Conj/Fire      100%       2x1d9     1%          1
 Magic Dart               Conj           100%       1d8       1%          1
 Pain                     Necr           100%       1d9       1%          1
 Static Discharge         Conj/Air       32%        N/A       1%          2
 Conjure Flame            Conj/Fire      38%        6-21      2%          3
 Excruciating Wounds      Necr           37%        N/A       3%          5
 Summon Small Mammal      Summ           72%        N/A       4%          1
 Ensorcelled Hibernation  Hex/Ice        40%        N/A       6%          2
 Call Imp                 Summ           18%        N/A       7%          2
 Flame Wave               Conj/Fire      38%        2d9       8%          4
 Call Canine Familiar     Summ           18%        N/A       14%         3
 Cause Fear               Hex            13%        N/A       21%         4
 Gell's Gravitas          Tloc           13%        N/A       22%         3
 Teleport Other           Tloc           13%        N/A       22%         3
 Lightning Bolt           Conj/Air       16%        1d30      36%         5
 Alistair's Intoxication  Tmut/Pois      13%        N/A       71%         5
 Dispersal                Tloc           6%         N/A       100%        6
 Discord                  Hex            13%        N/A       100%        8
 Maxwell's Capacitive Co  Air            6%         ∞         100%        8
 Dragon's Call            Summ           9%         N/A       100%        9
 Spider Form              Tmut/Pois      Unusable   N/A       N/A         3
 Dragon Form              Tmut           Unusable   N/A       N/A         7

Dungeon Overview and Level Annotations

Branches:
Dungeon (12/15)            Temple (1/1) D:6            Lair (6/6) D:10
  Swamp (0/4) Lair:2       Spider (1/4) Lair:3        Slime (0/5) Lair:5
    Orc (2/2) D:9             Elf (0/3) Orc:2         IceCv (visited)

Altars:
Ashenzari
Cheibriados
Dithmenos
Elyvilon
Fedhas
Gozag
Hepliaklqana
Kikubaaqudgha
Makhleb
Nemelex Xobeh
Okawaru
Qazlal
Ru
Sif Muna
Trog
Uskayaw
Vehumet
Wu Jian
Xom
Yredelemnul
Zin
The Shining One
Beogh
Jiyva

Shops:
D:12 (   Orc:2 =[!=*

Portals:
Trove: D:12 (give +2 gold dragon scales)

Annotations:
Lair:3 3 runed translucent doors, daodarkstar's ghost, journeyman DsFi


Innate Abilities, Weirdness & Mutations

You are immune to poison.
Your flesh is cold resistant. (rC+)
You are immune to negative energy. (rN+++)
You are immune to unholy pain and torment.
You are vulnerable to heat. (rF-)
You are in touch with the powers of death.
You do not drink.


Message History

The tarantella touches you but does no damage.
The tarantella misses you.
You see here a stone.
The tarantella misses you.
You bump into the rock wall.
The tarantella closely misses you.
You hit the tarantella.
You feel better.
The tarantella is moderately wounded.
The tarantella barely misses you. x2
You miss the tarantella.
The tarantella is moderately wounded.
The tarantella touches you but does no damage.
The tarantella closely misses you.
You closely miss the tarantella.
The tarantella is moderately wounded.
The tarantella barely misses you. The tarantella touches you!
The tarantella touches you!
* * * LOW HITPOINT WARNING * * *
You bump into the rock wall.
The tarantella barely misses you. The tarantella touches you.
* * * LOW HITPOINT WARNING * * *
You hit the tarantella but do no damage.
The tarantella is lightly wounded.
The tarantella misses you.
You miss the tarantella.
The tarantella is lightly wounded.
The tarantella barely misses you. The tarantella closely misses you.
You hit the tarantella.
The tarantella is lightly wounded.
The tarantella touches you!
* * * LOW HITPOINT WARNING * * *
You are more confused.
The tarantella touches you!
* * * LOW HITPOINT WARNING * * *
You are more confused.
You bump into the rock wall.
The tarantella completely misses you.
You are too confused!
You bump into the rock wall.
The tarantella touches you but does no damage.
The tarantella touches you!
You die...

#^###..##.†... ####
#..#....#....#
#..###(.##.#>###...
#.......#..#...##..
#...#..##^.#....)#.
##..#####........##
#(((# #....#.###.
##s## #........##
#.@# #.........#
#### #..#..##..#
#..###..#.. #...
..##. #... ### #
#....


You could see a tarantella.

Vanquished Creatures
  Rupert (Orc:2)
  Gastronok (D:9)
  Josephine (Orc:1)
  Fannar (Lair:3)
  5 hydras
  A boulder beetle (Lair:4)
  2 catoblepae
  4 two-headed ogres
  A death yak (IceCv)
  3 orc high priests (Orc:2)
  Sonja (Orc:2)
  An orb spider (Spider:1)
  3 deep elf pyromancers
  2 orc knights
  4 oklob plants (Lair:3)
  A manticore (D:12)
  A deep elf zephyrmancer (Orc:1)
  2 cyclopes
  2 orc sorcerers (Orc:2)
  17 elephants
  2 ice statues
  A centaur zombie (D:11)
  Maggie (D:6)
  18 cane toads
  A torpor snail (Lair:6)
  5 rime drakes
  A demonic crawler (Spider:1)
  8 ice devils
  5 komodo dragons
  2 meliai (Spider:1)
  4 polar bears (IceCv)
  4 trolls
  41 blink frogs
  A tyrant leech (Lair:6)
  5 dream sheep
  2 culicivoras
  A vampire (D:10)
  2 wraiths (D:9)
  13 yaks
  3 wyverns
  5 basilisks
  3 redbacks
  2 steam dragons
  Edmund (D:6)
  3 vampire mosquitoes (Lair:6)
  20 water moccasins
  4 sky beasts
  10 orc warriors
  7 black bears
  A swamp drake (Orc:1)
  A necrophage (D:6)
  8 ogres
  22 wolves
  4 centaurs
  3 kobold brigands
  3 phantoms
  Blork the orc (D:5)
  20 bullfrogs
  A gnoll sergeant (D:7)
  4 scorpions
  A vampire bat (D:10)
  5 howler monkeys
  2 nameless horrors (D:8)
  22 wights
  5 electric eels (Lair:3)
  A crimson imp (Orc:1)
  Crazy Yiuf (D:3)
  4 jellies
  19 orc priests
  An iron imp (Orc:1)
  4 iguanas
  26 orc wizards
  A killer bee zombie (D:7)
  A hound skeleton (D:4)
  4 adders
  5 gnolls
  A shadow imp (Orc:1)
  A white imp (D:7)
  8 ufetubi
  A worm (D:3)
  2 dart slugs
  74 orcs
  6 ball pythons
  8 bats
  4 bat skeletons (D:10)
  2 bat zombies (D:10)
  14 endoplasms
  5 giant cockroaches
  4 goblins
  8 hobgoblins
  6 jackals
  18 kobolds
  5 quokkas
  6 frilled lizards
  2 rats
574 creatures vanquished.

Vanquished Creatures (collateral kills)
  A hydra (Lair:3)
  2 orc warriors (D:6)
  An iguana (D:6)
  6 orcs
10 creatures vanquished.

Vanquished Creatures (others)
  A frost giant (IceCv)
  2 hydras
  4 death yaks (IceCv)
  A two-headed ogre (D:12)
  A skeletal warrior (D:10)
  2 goliath frogs (Lair:6)
  3 orc knights (Orc:2)
  An orc sorcerer (Orc:2)
  An ugly thing (D:11)
  A cyclops (D:11)
  8 elephants
  2 black mambas
  2 torpor snails
  5 cane toads
  2 rime drakes
  2 demonic crawlers (Lair:3)
  An ice devil (Lair:2)
  3 komodo dragons
  A freezing wraith (D:10)
  A troll (D:11)
  3 polar bears (IceCv)
  2 tyrant leeches (Lair:6)
  2 blink frogs
  2 wraiths (D:9)
  2 shadows
  17 yaks
  A redback (Lair:3)
  2 vampire mosquitoes (Lair:6)
  A steam dragon (Lair:4)
  4 water moccasins
  An ice beast (D:8)
  18 orc warriors
  2 ogres
  16 wolves
  2 bullfrogs
  2 orc priests
  A jelly (Lair:5)
  A white imp (Orc:1)
  11 orcs
  An endoplasm (Lair:5)
  3 bushes (Lair:3)
  92 fungi
  183 plants
413 creatures vanquished.

Grand Total: 997 creatures vanquished

Notes
Turn   | Place    | Note
-------+----------+-------------------------------------------
     0 | D:1      | RepoMan the Mummy Cinder Acolyte began the quest for the
                  | Orb.
     0 | D:1      | Reached XP level 1. HP: 18/18 MP: 2/2
   307 | D:1      | Reached XP level 2. HP: 24/24 MP: 5/5
   310 | D:1      | Learned a level 2 spell: Scorch
   818 | D:1      | Reached XP level 3. HP: 29/29 MP: 5/7
  1118 | D:1      | You fall into a shaft and drop 1 floor!
  1577 | D:2      | Learned a level 1 spell: Sandblast
  1581 | D:2      | Found a faded altar of an unknown god.
  1581 | D:2      | Identified the +5 whip "Duasmig" {elec, rF+ Will- rCorr}
  1884 | D:2      | Learned a level 2 spell: Corpse Rot
  1887 | D:2      | Learned a level 2 spell: Poisonous Vapours
  1898 | D:2      | Reached XP level 4. HP: 37/37 MP: 6/9
  3562 | D:3      | Found a runed translucent door.
  3563 | D:3      | Noticed Crazy Yiuf
  3798 | D:4      | Found a blossoming altar of Fedhas.
  3823 | D:4      | Noticed a sky beast
  3858 | D:4      | Killed a sky beast
  3859 | D:4      | Reached skill level 1 in Necromancy
  3859 | D:4      | Reached skill level 1 in Earth Magic
  3859 | D:4      | Reached skill level 1 in Poison Magic
  3859 | D:4      | Reached XP level 5. HP: 43/43 MP: 3/10
  3881 | D:4      | Noticed a phantom
  4215 | D:4      | Found a radiant altar of Vehumet.
  4247 | D:4      | Killed a phantom
  4248 | D:4      | Reached skill level 2 in Earth Magic
  4248 | D:4      | Reached XP level 6. HP: 38/49 MP: 0/12
  4478 | D:4      | Learned a level 2 spell: Passwall
  4871 | D:4      | Reached XP level 7. HP: 55/55 MP: 6/13
  5174 | D:3      | Killed Crazy Yiuf
  5377 | D:5      | Entered Level 5 of the Dungeon
  5462 | D:5      | Reached skill level 3 in Earth Magic
  5573 | D:5      | Noticed Blork the orc
  5581 | D:5      | Killed Blork the orc
  5909 | D:5      | Reached skill level 5 in Fighting
  6196 | D:5      | Identified the +2 whip of Otaduq {vamp, rPois rC+ SInv
                  | Stlth+}
  6232 | D:5      | Learned a level 3 spell: Stone Arrow
  6489 | D:6      | Noticed Edmund
  6489 | D:6      | Found a staircase to the Ecumenical Temple.
  6541 | D:5      | Reached skill level 1 in Evocations
  6606 | D:5      | Reached skill level 1 in Stealth
  6606 | D:5      | Reached XP level 8. HP: 40/62 MP: 2/15
  6607 | D:5      | Reached skill level 1 in Conjurations
  6823 | D:5      | Reached skill level 4 in Earth Magic
  6890 | D:5      | Reached skill level 5 in Spellcasting
  7060 | D:6      | Killed Edmund
  7258 | Temple   | Entered the Ecumenical Temple
  7652 | D:6      | Reached XP level 9. HP: 55/68 MP: 1/17
  7853 | D:6      | Learned a level 3 spell: Summon Guardian Golem
  8037 | D:6      | Found an opulent altar of Gozag.
  8226 | D:6      | Noticed Maggie
  8338 | D:7      | Reached skill level 1 in Hexes
  8347 | D:7      | Reached skill level 1 in Summonings
  8588 | D:7      | Found a hazy altar of Hepliaklqana.
  8906 | D:7      | Reached skill level 5 in Earth Magic
  9079 | D:7      | Reached skill level 5 in Evocations
  9251 | D:7      | Learned a level 1 spell: Apportation
 10477 | D:8      | Reached skill level 6 in Earth Magic
 10544 | D:8      | Reached XP level 10. HP: 74/74 MP: 6/21
 12241 | D:9      | Reached skill level 7 in Earth Magic
 12507 | D:9      | Found a staircase to the Orcish Mines.
 12642 | D:9      | Noticed Gastronok
 12777 | D:9      | Found a shimmering altar of Xom.
 13177 | D:10     | Entered Level 10 of the Dungeon
 13284 | D:10     | Reached skill level 5 in Conjurations
 13772 | D:10     | Found a staircase to the Lair.
 13870 | D:10     | Noticed a two-headed ogre
 13877 | D:10     | Killed a two-headed ogre
 13878 | D:10     | Reached skill level 8 in Earth Magic
 13965 | D:10     | Noticed a skeletal warrior
 14002 | D:10     | Killed a skeletal warrior
 14003 | D:10     | Reached XP level 11. HP: 79/79 MP: 9/24
 14190 | D:10     | Identified the +0 pair of gloves of Defence {rC+ Int+3}
 14330 | D:10     | Found an ancient bone altar of Kikubaaqudgha.
 14434 | D:10     | Found a burning altar of Makhleb.
 14555 | D:10     | Noticed a two-headed ogre
 14581 | D:10     | Killed a two-headed ogre
 14628 | Lair:1   | Entered Level 1 of the Lair of Beasts
 14826 | Lair:1   | Reached skill level 9 in Earth Magic
 14831 | Lair:1   | Reached skill level 10 in Spellcasting
 15303 | Lair:1   | Noticed a six-headed hydra
 15317 | Lair:1   | Killed a six-headed hydra
 15742 | Lair:2   | Found a frozen archway.
 15811 | IceCv    | Entered an ice cave
 16020 | IceCv    | Reached skill level 10 in Earth Magic
 16197 | IceCv    | Reached XP level 12. HP: 88/88 MP: 26/26
 16346 | IceCv    | Learned a level 4 spell: Anguish
 16378 | IceCv    | Noticed a death yak
 16378 | IceCv    | Noticed a frost giant
 16378 | IceCv    | Noticed a death yak
 16447 | IceCv    | Killed a death yak
 16465 | IceCv    | Killed a death yak
 16515 | IceCv    | Killed a frost giant
 16516 | IceCv    | Reached skill level 5 in Necromancy
 16544 | IceCv    | Learned a level 5 spell: Agony
 16698 | IceCv    | Noticed a death yak
 16912 | IceCv    | Noticed a death yak
 16918 | IceCv    | Killed a death yak
 16919 | IceCv    | Reached skill level 11 in Earth Magic
 16946 | IceCv    | Killed a death yak
 16947 | IceCv    | Reached skill level 1 in Shields
 17130 | IceCv    | Noticed a death yak
 17146 | IceCv    | Killed a death yak
 17472 | Lair:2   | Found a staircase to the Swamp.
 17472 | Lair:2   | Noticed a catoblepas
 17487 | Lair:2   | Killed a catoblepas
 18391 | Lair:3   | Noticed Fannar
 18399 | Lair:3   | Found a hole to the Spider Nest.
 18422 | Lair:3   | Killed Fannar
 18423 | Lair:3   | Gained mutation: You are in touch with the powers of death.
                  | [Mummy growth]
 18423 | Lair:3   | Reached XP level 13. HP: 83/98 MP: 3/27
 18756 | Lair:3   | Found a sparkling altar of Nemelex Xobeh.
 18853 | Lair:3   | Found a runed translucent gate.
 18853 | Lair:3   | Found a runed translucent gate.
 18853 | Lair:3   | Found a runed translucent gate.
 18858 | Lair:3   | Noticed daodarkstar's ghost (journeyman DsFi)
 18861 | Lair:3   | Found a viscous altar of Jiyva.
 19087 | Lair:3   | Found a blossoming altar of Fedhas.
 19528 | Lair:3   | Reached skill level 12 in Earth Magic
 22761 | Lair:5   | Reached skill level 13 in Earth Magic
 23240 | Lair:5   | Reached XP level 14. HP: 81/108 MP: 0/28
 23478 | Lair:5   | Found a staircase to the Slime Pits.
 24559 | Lair:6   | Entered Level 6 of the Lair of Beasts
 24955 | Lair:6   | Reached skill level 1 in Dodging
 25067 | Lair:6   | Reached skill level 10 in Fighting
 25759 | Lair:6   | Identified the amulet of Yzumpus {Reflect Fly Will+ Regen+
                  | Str+4 SH+5}
 27003 | Orc:1    | Entered Level 1 of the Orcish Mines
 27003 | Orc:1    | Noticed Josephine
 27048 | Orc:1    | Killed Josephine
 27835 | Orc:1    | You are sucked into a shaft and drop 1 floor!
 27835 | Orc:2    | Entered Level 2 of the Orcish Mines
 28031 | Orc:2    | Found a staircase to the Elven Halls.
 28058 | Orc:2    | Noticed Urug
 28079 | Orc:2    | Noticed Urug
 28079 | Orc:2    | Urug changed into Urug the cane toad
 28082 | Orc:2    | Killed Urug the cane toad
 28113 | Orc:2    | Noticed Rupert
 28154 | Orc:2    | Killed Rupert
 28278 | Orc:2    | Found Zank's CLEARANCE SALE!.
 28288 | Orc:2    | Noticed Sonja
 28334 | Orc:2    | Killed Sonja
 28335 | Orc:2    | Reached XP level 15. HP: 81/85 MP: 30/30
 28857 | Orc:2    | Learned a level 3 spell: Inner Flame
 29575 | Orc:2    | Found Samot's Jewellery Emporium.
 29575 | Orc:2    | Found Valoib's Jewellery Boutique.
 29577 | Orc:2    | Found Yca Rouw's Armour Boutique.
 29577 | Orc:2    | Found Julamuxt's Distillery.
 29593 | Orc:2    | Bought a ring of resist corrosion for 200 gold pieces
 29946 | Orc:1    | Learned a level 3 spell: Mephitic Cloud
 31279 | D:12     | Found Petyzoes's Antique Weapon Emporium.
 31742 | D:12     | Reached skill level 10 in Necromancy
 32113 | D:12     | Found a portal to a secret trove of treasure.
 32937 | D:9      | Killed Gastronok
 33282 | D:6      | Killed Maggie
 34084 | Spider:1 | Entered Level 1 of the Spider Nest
 34582 | Spider:1 | Slain by a tarantella

Illustrated notes

Levels and vault maps discovered:
D:1:      scummos_arrival_forest, layout_basic, minmay_cut_off
D:2:      layout_basic, hellmonk_ecumenical_altar_arch_garden,
          minmay_misc_feat_cross, minmay_misc_feat_nine_boxes
D:3:      layout_basic, minmay_misc_feat_rugged, minmay_misc_feat_square,
          uniq_crazy_yiuf_cottage
D:4:      layout_cave_pods, fiery_altar_vehumet,
          mainiacjoe_overflow_six_doors_small, st_stairs_1
D:5:      layout_basic, uniq_blork_the_orc
D:6:      layout_basic, grunt_gozag_breadcrumbs, minmay_temple_entry_overgrown,
          uniq_maggie, uniq_edmund
D:7:      layout_basic, kennysheep_little_box
D:8:      layout_basic, special_room [special_room_orc]
D:9:      layout_roguey, tgw_xom, david_orc_4, uniq_gastronok
D:10:     layout_long_grid, kennysheep_vampire_church,
          mainiacjoe_overflow_boulevard, due_lair_maze_entry_diamond
D:11:     layout_stronghold
D:12:     cheibrodos_frozen_isle, layout_loops_ring, enter_trove_2,
          serial_shops, nicolae_shop_advertising_works
          [nicolae_subvault_shop_adworks]
Temple:   bh_familiar_temple
Lair:1:   layout_loops_ring, pond
Lair:2:   layout_chaotic_city, swamp_mist, portal_ice_cave_demonic_guard,
          nicolae_lair_lil_pond
Lair:3:   layout_loops_ring, spider_nest_entry_webs, serial_bayou,
          serial_bayou_shore_a, serial_bayou_pond_d, serial_bayou_lake_a,
          serial_bayou_pond_a, gammafunk_ghost_ooze, hangedman_tree_tricks,
          minmay_lair_oklob_bushes, lemuel_oklob_altar, uniq_fannar
Lair:4:   layout_layer_cave
Lair:5:   wad_woods_04, layout_layer_cave, nicolae_slime_entry_slimehenge,
          serial_bayou_shore_b, grunt_megastairs_5, serial_bayou_shore_b,
          lemuel_fruit_tree
Lair:6:   minmay_lair_end_frog_pond, layout_regular_city, fungi_pond_lemuel
Spider:1: nicolae_spider_hilbert_zone_4 [nicolae_spider_hilbert_4_sides_2_open,
          nicolae_spider_hilbert_4_sides_1_open,
          nicolae_spider_hilbert_4_sides_1_open,
          nicolae_spider_hilbert_4_sides_1_open,
          nicolae_spider_hilbert_4_sides_1_open,
          nicolae_spider_hilbert_2_sides_1_open,
          nicolae_spider_hilbert_2_sides_1_open,
          nicolae_spider_hilbert_2_sides_1_open,
          nicolae_spider_hilbert_2_sides_1_open,
          nicolae_spider_hilbert_6_sides_1_open,
          nicolae_spider_hilbert_6_sides_1_open,
          nicolae_spider_hilbert_3_sides_1_open,
          nicolae_spider_hilbert_3_sides_1_open], uniq_donald
Orc:1:    layout_caves, hangedman_minor_magic, uniq_josephine
Orc:2:    grunt_orc_tribal_feast, layout_diamond_mine, basic_altar,
          nicolae_shop_clearance, uniq_sonja, uniq_rupert, uniq_urug

Skill      XL: |  1  2  3  4  5  6  7  8  9 10 11 12 13 14 15 |
---------------+----------------------------------------------+-----
Spellcasting   | 2 3 4 5 7 9 10 11 | 11.9
Fighting       | 4 5 6 8 9 10 11 | 11.3
Necromancy     | 1 2 3 6 8 9 10 | 10.2
Earth Magic    | 1 2 3 4 6 8 10 11 13 | 13.8
Poison Magic   | 1 2 3 |  3.0
Evocations     | 1 3 5 6 |  6.2
Stealth        | 1 2 |  2.0
Conjurations   | 2 4 5 6 7 8 |  8.1
Hexes          | 1 2 3 |  3.0
Summonings     | 1 |  1.0
Shields        | 2 4 |  4.0
Dodging        | 3 4 |  4.0
Polearms       | |  2.4
Fire Magic     | |  2.4

Action                   |  1- 3 |  4- 6 |  7- 9 | 10-12 | 13-15 || total
-------------------------+-------+-------+-------+-------+-------++-------
Melee: Spear             |    93 |    67 |    23 |       |       ||   183
       Punch             |     3 |       |     2 |     1 |       ||     6
       Whip              |       |       |    64 |    94 |    69 ||   227
Throw: Dart              |       |       |     5 |     2 |     6 ||    13
       Stone             |       |       |       |     1 |     2 ||     3
       Throwing net      |       |       |       |       |     1 ||     1
 Cast: Scorch            |    24 |    37 |   145 |    45 |    13 ||   264
       Sandblast         |       |    14 |    25 |   105 |   344 ||   488
       Poisonous Vapours |       |     4 |    38 |    88 |    84 ||   214
       Stone Arrow       |       |       |    13 |   104 |   223 ||   340
       Summon Guardian G |       |       |     3 |    62 |   108 ||   173
       Apportation       |       |       |       |     3 |    38 ||    41
       Agony             |       |       |       |     3 |    46 ||    49
       Anguish           |       |       |       |     3 |    73 ||    76
       Corpse Rot        |       |       |       |     1 |     4 ||     5
Invok: Fiery Armour      |       |       |     1 |       |     2 ||     3
 Abil: Evoke Invisibilit |       |       |       |     1 |     4 ||     5
Evoke: Wand              |       |       |       |     1 |    34 ||    35
       Condenser vane    |       |       |       |     1 |     3 ||     4
  Use: Scroll            |       |       |     5 |     4 |    12 ||    21
 Stab: Sleeping          |     2 |     1 |       |     1 |     1 ||     5
       Distracted        |     1 |       |       |       |       ||     1
Armor: Robe              |    22 |    11 |    21 |    82 |   123 ||   259
       Troll leather arm |       |       |       |       |    39 ||    39
Dodge: Dodged            |    41 |    35 |   125 |   118 |   288 ||   607
       Repelled          |       |       |       |       |     4 ||     4
Block: Buckler           |       |       |       |    10 |   152 ||   162
       Reflection        |       |       |       |       |     8 ||     8
